 Dungeon Sprint DCSS version 0.31-a0-18-gea43df2a32 (webtiles) character file.

Game seed: 2658481345042836408

1196 sircluck the Grappler (level 8, -1/92 HPs)
             Began as a Troll Berserker on May 9, 2023.
             Was a Priest of Trog.
             Slain by Sonja
             ... wielding a +0 dagger of distortion
              (3 damage)
             ... in the Dungeon (Sprint I: "Red Sonja").
             The game lasted 00:01:27 (229 turns).

sircluck the Grappler (Troll Berserker)              Turns: 229, Time: 00:01:28

Health: -1/92      AC:  4    Str: 28    XL:     8   Next: 20%
Magic:  7/7        EV: 12    Int:  3    God:    Trog [***...]
Gold:   285        SH:  0    Dex:  9    Spells: 7/7 levels left

rFire   . .          .
                       - Unarmed
rCold   . . .        (no shield)
rNeg    . . .        a - +0 animal skin
rPois   .            (helmet restricted)
rElec   .            (no cloak)
rCorr   .            (gloves unavailable)
SInv    .            (boots unavailable)
Will    .....        (no amulet)
Stlth   +            (no ring)
HPRegen 1.15/turn    (no ring)
MPRegen 0.10/turn

%: no teleportation
@: on berserk cooldown, slowed, very slow
A: large, unfitting armour, claws 3, regeneration 1, shaggy fur 1, tough skin 1
a: Renounce Religion, Berserk, Trog's Hand


You were in the Dungeon.
You worshipped Trog.
Trog was most pleased with you.
You visited 1 branch You collected 405 gold pieces.
You spent 120 gold pieces at shops.

Inventory:

Missiles
 i - 5 stones (quivered)
Armour
 a - a +0 animal skin (worn)
Wands
 h - a wand of flame (16)
Scrolls
 g - a scroll of blinking
Potions
 b - a potion of curing
 c - a potion of heal wounds
 d - a potion of haste
 e - 2 potions of magic
 f - a potion of berserk rage


   Skills:
 + Level 9.0 Fighting
 + Level 8.8 Dodging
 + Level 11.5 Unarmed Combat
 + Level 1.1 Evocations


You had 7 spell levels left.
You didn't know any spells.
Your spell library was empty.

Dungeon Overview and Level Annotations

Branches:
Dungeon (1/1)

Altars:
Cheibriados
Dithmenos
Elyvilon
Fedhas
Gozag
Hepliaklqana
Kikubaaqudgha
Makhleb
Nemelex Xobeh
Okawaru
Qazlal
Ru
Sif Muna
Trog
Uskayaw
Vehumet
Wu Jian
Xom
Yredelemnul
Zin
The Shining One
Jiyva
Lugonu

Shops:
D *

Annotations:
D Sonja


Innate Abilities, Weirdness & Mutations

You are too large for most types of armour.
You have claws for hands.
Your natural rate of healing is unusually fast.
You are covered in fur. (AC +1)
You have tough skin. (AC +1)


Message History

You barely miss Sonja.
You are no longer berserk.
You are exhausted.
You feel yourself slow down. Sonja hits you but does no damage.
Space warps horribly around you!
Sonja hits you with a +0 dagger of distortion.
Space warps around you.
Sonja hits you with a +0 dagger of distortion.
Space warps horribly around you!
You completely miss Sonja.
Sonja hits you with a +0 dagger of distortion.
Sonja completely misses you. Sonja closely misses you. Sonja misses you.
Sonja hits you with a +0 dagger of distortion. x2
Space warps around you.
You claw Sonja! Your claw misses Sonja.
Sonja is moderately wounded.
Sonja closely misses you. Sonja misses you. Sonja hits you but does no damage.
Space warps horribly around you! Sonja closely misses you.
Sonja hits you with a +0 dagger of distortion.
Space warps around you. Sonja barely misses you.
You completely miss Sonja.
Sonja is moderately wounded.
Sonja hits you with a +0 dagger of distortion. x2
Space warps horribly around you!
* * * LOW HITPOINT WARNING * * *
Sonja hits you with a +0 dagger of distortion.
* * * LOW HITPOINT WARNING * * *
Space warps around you.
* * * LOW HITPOINT WARNING * * *
You feel much better.
Sonja hits you with a +0 dagger of distortion.
Space warps horribly around you!
* * * LOW HITPOINT WARNING * * *
Sonja hits you with a +0 dagger of distortion.
* * * LOW HITPOINT WARNING * * *
Space warps horribly around you!
* * * LOW HITPOINT WARNING * * *
Sonja hits you but does no damage.
Sonja hits you with a +0 dagger of distortion.
You die...

#<.#..)..#..'..#__#..'...#
#..').#..').#..'..'..#)..#
#..#####'#####'#__####...+
#..####..#...#)#### ####
#..#__####..##[#
#..#_____##'#_.+
#⌠⌠#_.∩...'..._#
####_..__##_O#'#
#_____###@#.# #######
#K### ..$ #$.$# ##.## #+#


You could see Sonja (ally target) and a friendly ogre (summoned, berserk).

Vanquished Creatures
  2 kobold demonologists (D)
  A slime creature (D)
  Sigmund (D)
  A yak (D)
  A floating eye (D)
  An ogre (D)
  A jelly (D)
  Ijyb (D)
9 creatures vanquished.

Notes
Turn   | Place    | Note
-------+----------+-------------------------------------------
     0 | D        | sircluck the Troll Berserker began the quest for the Orb.
     0 | D        | Reached XP level 1. HP: 22/22 MP: 0/0
     1 | D        | Noticed Ijyb
     6 | D        | Killed Ijyb
     7 | D        | Reached skill level 4 in Unarmed Combat
     7 | D        | Reached XP level 2. HP: 23/32 MP: 1/1
    17 | D        | Noticed an ogre
    20 | D        | Killed an ogre
    21 | D        | Reached skill level 5 in Fighting
    21 | D        | Reached skill level 6 in Unarmed Combat
    21 | D        | Reached XP level 3. HP: 42/42 MP: 2/2
    21 | D        | Reached XP level 4. HP: 50/50 MP: 3/3
    32 | D        | Noticed Sigmund
    38 | D        | Killed Sigmund
    38 | D        | Reached ** piety under Trog
    39 | D        | Reached skill level 7 in Unarmed Combat
    39 | D        | Reached XP level 5. HP: 42/61 MP: 4/4
    39 | D        | Reached XP level 6. HP: 47/68 MP: 5/5
    71 | D        | Found an ornate altar of the Wu Jian Council.
    71 | D        | Found a shimmering blue altar of Sif Muna.
    72 | D        | Found a burning altar of Makhleb.
    72 | D        | Found a viscous altar of Jiyva.
    72 | D        | Found a shimmering altar of Xom.
    72 | D        | Found a corrupted altar of Lugonu.
    72 | D        | Noticed a slime creature
    82 | D        | Killed a slime creature
    83 | D        | Reached skill level 9 in Unarmed Combat
    87 | D        | Found a radiant altar of Vehumet.
   129 | D        | Found Odovvui's Assorted Antiques.
   129 | D        | Found an ancient bone altar of Kikubaaqudgha.
   129 | D        | Found a hazy altar of Hepliaklqana.
   129 | D        | Found a stormy altar of Qazlal.
   129 | D        | Found a hide-covered altar of Uskayaw.
   129 | D        | Found a blossoming altar of Fedhas.
   129 | D        | Found a bloodstained altar of Trog.
   129 | D        | Found an iron altar of Okawaru.
   129 | D        | Found a basalt altar of Yredelemnul.
   129 | D        | Found a glowing golden altar of the Shining One.
   129 | D        | Found a snail-covered altar of Cheibriados.
   129 | D        | Found a sacrificial altar of Ru.
   129 | D        | Found a glowing silver altar of Zin.
   129 | D        | Found a shadowy altar of Dithmenos.
   129 | D        | Found a white marble altar of Elyvilon.
   129 | D        | Noticed a yak
   135 | D        | Killed a yak
   135 | D        | Reached *** piety under Trog
   136 | D        | Reached XP level 7. HP: 55/79 MP: 6/6
   136 | D        | Found an opulent altar of Gozag.
   137 | D        | Found a sparkling altar of Nemelex Xobeh.
   169 | D        | Noticed a kobold demonologist
   169 | D        | Noticed a kobold demonologist
   175 | D        | Killed a kobold demonologist
   176 | D        | Reached skill level 10 in Unarmed Combat
   176 | D        | Reached skill level 1 in Evocations
   176 | D        | Paralysed by a floating eye for 2 turns
   182 | D        | Killed a kobold demonologist
   182 | D        | Reached **** piety under Trog
   183 | D        | Reached skill level 11 in Unarmed Combat
   183 | D        | Reached XP level 8. HP: 88/91 MP: 7/7
   203 | D        | Bought a potion of heal wounds for 120 gold pieces
   215 | D        | Noticed Sonja
   229 | D        | HP: 2/92 [Sonja/+0 dagger of distortion (10)]
   229 | D        | Slain by Sonja

Illustrated notes

Levels and vault maps discovered:
D:        dungeon_sprint_1 [red_sonja_temple_1, red_sonja_temple_small_1]

Skill      XL: |  1  2  3  4  5  6  7  8 |
---------------+-------------------------+-----
Fighting       | 3 5 6 7 8 9 |  9.0
Dodging        | 3 4 6 7 8 |  8.8
Unarmed Combat | 4 6 7 9 11 | 11.5
Evocations     | 1 |  1.1

Action                     |  1- 3 |  4- 6 |  7- 9 || total
---------------------------+-------+-------+-------++-------
  Melee: Unarmed           |     6 |    22 |    16 ||    44
         Punch             |     1 |     1 |       ||     2
 Invoke: Berserk           |       |       |     1 ||     1
         Brothers in Arms  |       |       |     1 ||     1
  Evoke: Wand              |     1 |     1 |       ||     2
    Use: Potion            |       |       |     1 ||     1
 Armour: Animal skin       |       |     1 |     3 ||     4
  Dodge: Dodged            |     2 |     6 |    10 ||    18

Table legend: (Time is in decaauts)
 A = Elapsed time spent in this place.
 B = Non-inter-level travel time spent in this place.
 C = Inter-level travel time spent in this place.
 D = Time resting spent in this place.
 E = Time spent auto-exploring this place.
 F = Levels seen in this place.
 G = Mean time per level.
                   A        B        C        D        E       F      G
               +--------+--------+--------+--------+--------+-----+--------+
         Total |    221 |    198 |     23 |      7 |     52 |   1 |  221.0 |
       Dungeon |    221 |    198 |     23 |      7 |     52 |   1 |  221.0 |
               +--------+--------+--------+--------+--------+-----+--------+

Top non-repeatable levels by time:
       D: 221 daAuts
